 Dungeon Crawl Stone Soup version 0.18-a0-1120-g03bd624 (webtiles) character file.

3673 BenSoosneb the Destroyer (level 9, -21/57 HPs)
             Began as a Demonspawn Conjurer on Jan 17, 2016.
             Was an Initiate of Vehumet.
             Demolished by a white ugly thing (30 damage)
             ... on level 8 of the Dungeon.
             The game lasted 00:37:00 (8021 turns).

BenSoosneb the Destroyer (Demonspawn Conjurer)      Turns: 8021, Time: 00:37:04

Health: -21/57     AC:  6    Str: 10    XL:     9   Next: 89%
Magic:  9/30       EV: 12    Int: 19    God:    Vehumet [......]
Gold:   387        SH:  0    Dex: 21    Spells: 6 memorised, 5 levels left

rFire  . . .     SeeInvis +     h - +2 dagger of Execution {vamp, rN+ MP+9 Str-3 Dex+6}
rCold  . . .     Gourm    .     q - +2 leather armour {MR+}
rNeg   + . .     Faith    .     (no shield)
rPois  .         Spirit   .     (helmet unavailable)
rElec  .         Dismiss  .     (no cloak)
rCorr  +         Reflect  .     (no gloves)
SustAt .         Harm     .     (no boots)
MR     +....                    (no amulet)
Stlth  ++........               (no ring)
                                j - ring of resist corrosion

@: mighty, somewhat resistant to hostile enchantments, unstealthy
A: antennae 3, powered by pain 1, shaggy fur 1, spiny 2, wild magic 1, evolution
1, sturdy frame 1
a: Renounce Religion


You were on level 8 of the Dungeon.
You worshipped Vehumet.
Vehumet was noncommittal.
You were not hungry.

You visited 2 branches of the dungeon, and saw 9 of its levels.

You collected 483 gold pieces.
You spent 96 gold pieces at shops.

Inventory:

Hand Weapons
 h - the +2 dagger of Execution (weapon) {vamp, rN+ MP+9 Str-3 Dex+6}
   (You found it on level 4 of the Dungeon)

   It inflicts no extra harm, but heals its wielder somewhat when it strikes a
   living foe.
   It affects your strength (-3).
   It affects your dexterity (+6).
   It protects you from negative energy.
   It affects your magic capacity (+9).
Armour
 q - a +2 leather armour of magic resistance (worn)
 s - a +0 robe of fire resistance
Jewellery
 j - a ring of resist corrosion (left hand)
Wands
 w - a wand of magic darts (19/48)
 x - a wand of fire (8/15)
Scrolls
 e - a scroll of fog
 f - 4 scrolls of remove curse
 m - 3 scrolls of teleportation
 p - a scroll of noise
 t - 2 scrolls of magic mapping
 u - 3 scrolls of recharging
 y - a scroll of identify
 A - a scroll of fear {unknown}
Potions
 d - 5 potions of agility
 i - a potion of lignification
 l - a potion of cure mutation
 n - a potion of haste
 r - 2 potions of heal wounds
 z - a potion of berserk rage {unknown}
 B - 2 potions of invisibility {unknown}
Books
 b - a book of Conjurations

   Spells                             Type                      Level
   a - Magic Dart                     Conjuration                  1
   b - Searing Ray                    Conjuration                  2
   c - Dazzling Spray                 Conjuration/Hexes            3
   d - Fulminant Prism                Conjuration/Hexes            4
   e - Iskenderun's Mystic Blast      Conjuration                  4
   f - Iskenderun's Battlesphere      Conjuration/Charms           5
 o - a book of Conjurations

   Spells                             Type                      Level
   a - Magic Dart                     Conjuration                  1
   b - Searing Ray                    Conjuration                  2
   c - Dazzling Spray                 Conjuration/Hexes            3
   d - Fulminant Prism                Conjuration/Hexes            4
   e - Iskenderun's Mystic Blast      Conjuration                  4
   f - Iskenderun's Battlesphere      Conjuration/Charms           5
Comestibles
 a - a meat ration
 c - 4 bread rations
 k - a royal jelly
 v - a beef jerky


   Skills:
 - Level 1.7 Dodging
 - Level 1.7 Stealth
 + Level 8.4 Spellcasting
 * Level 11.6 Conjurations


You had 5 spell levels left.
You knew the following spells:

 Your Spells              Type           Power        Failure   Level  Hunger
a - Magic Dart            Conj           ####         1%          1    None
b - Searing Ray           Conj           ######       1%          2    None
c - Dazzling Spray        Conj/Hex       #####...     7%          3    None
d - Iskenderun's Mystic   Conj           ######..     3%          4    ###....
e - Fulminant Prism       Conj/Hex       #####.....   22%         4    ###....
f - Iskenderun's Battles  Conj/Chrm      #####...     43%         5    #####..


Dungeon Overview and Level Annotations

Branches:
Dungeon (8/15)             Temple (1/1) D:7
   Lair: D:8-11

Altars:
Ashenzari
Cheibriados
Fedhas
Gozag
Okawaru
Ru
Trog
Vehumet
Yredelemnul

Shops:
D:4 !   D:6 }


Innate Abilities, Weirdness & Mutations

You have a pair of large antennae on your head (SInv).
You sometimes gain a little power by taking damage.
You are mostly covered in sharp spines.
Your movements are slightly less encumbered by armour (ER -2).
You are covered in fur (AC +1).
Your spells are a little harder to cast, but a little more powerful.
You evolve.


Message History

The magic dart hits the white ugly thing.
Casting: Magic Dart
Confirm with . or Enter, or press ? or * to list all spells.
Aiming: Searing Ray
Press: ? - help, Shift-Dir - straight line, f/p - white ugly thing
Aim: a white ugly thing The searing ray hits the white ugly thing.
The searing ray hits the white ugly thing.
The white ugly thing is lightly wounded.
The searing ray misses the white ugly thing.
The white ugly thing kicks you. The white ugly thing freezes you!!
* * * LOW HITPOINT WARNING * * *
The searing ray hits the white ugly thing.
The white ugly thing is heavily wounded.
The white ugly thing is struck by your spines.
The white ugly thing kicks you.
* * * LOW HITPOINT WARNING * * *
The white ugly thing freezes you!!
Ouch! That really hurt!
You die...

##.............##
#...............#
#...............#
#.............[.#
#............<..#
#...............#
#.............##
.####.....#.....##
...)))u@#.#######
.########.# #.#
#.# #.# #.# #.#


You could see a white ugly thing.

Vanquished Creatures
  Pikel (D:6)
  Psyche (D:8)
  Joseph (D:8)
  A troll (D:7)
  Sigmund (D:6)
  The ghost of tasslehoff34 the Ducker, an amateur SpEn of Nemelex Xobeh (D:5)
  Eustachio (D:6)
  An orc warrior (D:5)
  An ice beast (D:7)
  A phantom (D:6)
  An ogre (D:4)
  A centaur (D:7)
  Blork the orc (D:6)
  3 giant frogs
  4 scorpions
  2 hounds
  2 jellies
  10 orc wizards
  2 orc priests (D:4)
  A giant frog skeleton (D:5)
  2 iguanas
  6 worker ants
  A hound skeleton (D:3)
  A worker ant zombie (D:7)
  11 gnolls
  8 adders
  An ooze (D:5)
  3 adder skeletons
  9 worms
  9 giant geckos
  25 orcs
  9 bats
  7 giant cockroaches
  6 hobgoblins
  2 jackals (D:6)
  8 kobolds
  3 quokkas
  2 ball pythons (D:3)
  A giant cockroach zombie (D:3)
  A giant gecko zombie (D:5)
  7 giant newts
  7 goblins
  A jackal zombie (D:7)
  A quokka skeleton (D:3)
  10 rats
178 creatures vanquished.

Vanquished Creatures (others)
  2 orcs (D:6)
2 creatures vanquished.

Grand Total: 180 creatures vanquished

Notes
Turn   | Place    | Note
--------------------------------------------------------------
     0 | D:1      | BenSoosneb the Demonspawn Conjurer began the quest for the Orb.
     0 | D:1      | Reached XP level 1. HP: 13/13 MP: 3/3
   239 | D:1      | Gained mutation: You have a pair of small antennae on your head. [demonic ancestry]
   239 | D:1      | Reached XP level 2. HP: 13/19 MP: 0/5
   243 | D:1      | Learned a level 2 spell: Searing Ray
  1109 | D:2      | Found a bloodstained altar of Trog.
  1146 | D:2      | Gained mutation: You are partially covered in sharp spines. [demonic ancestry]
  1146 | D:2      | Reached XP level 3. HP: 17/24 MP: 3/6
  1600 | D:3      | Reached skill level 5 in Conjurations
  1797 | D:3      | Found a sacrificial altar of Ru.
  1806 | D:3      | Gained mutation: You sometimes gain a little power by taking damage. [demonic ancestry]
  1806 | D:3      | Reached XP level 4. HP: 28/30 MP: 0/8
  1900 | D:3      | Found a faded altar to an unknown god.
  2240 | D:3      | Gained mutation: You have a pair of antennae on your head. [demonic ancestry]
  2240 | D:3      | Reached XP level 5. HP: 30/35 MP: 3/9
  2667 | D:3      | Learned a level 3 spell: Dazzling Spray
  2672 | D:3      | Learned a level 4 spell: Iskenderun's Mystic Blast
  2837 | D:3      | Reached skill level 6 in Conjurations
  3262 | D:4      | Noticed an ogre
  3267 | D:4      | Killed an ogre
  3267 | D:4      | Gained mutation: Your movements are slightly less encumbered by armour (ER -2). [demonic ancestry]
  3267 | D:4      | Reached XP level 6. HP: 41/41 MP: 5/12
  3455 | D:4      | Found Saecekurch's Distillery.
  3460 | D:4      | Got an iridescent dagger
  3464 | D:4      | Identified the +2 dagger of Execution {vamp, rN+ MP+9 Str-3 Dex+6} (You found it on level 4 of the Dungeon)
  3474 | D:4      | Bought a potion of curing for 36 gold pieces
  3474 | D:4      | Bought a potion of heal wounds for 60 gold pieces
  4159 | D:4      | Reached XP level 7. HP: 39/46 MP: 14/14
  4169 | D:4      | Reached skill level 7 in Conjurations
  4175 | D:4      | Reached skill level 5 in Spellcasting
  4706 | D:5      | Entered Level 5 of the Dungeon
  4729 | D:5      | Noticed tasslehoff34's ghost (amateur SpEn)
  4747 | D:5      | Killed tasslehoff34's ghost
  4923 | D:5      | Learned a level 4 spell: Fulminant Prism
  5178 | D:5      | Reached skill level 8 in Conjurations
  5184 | D:5      | Gained mutation: You are mostly covered in sharp spines. [demonic ancestry]
  5184 | D:5      | Reached XP level 8. HP: 27/52 MP: 15/16
  5638 | D:5      | Gained mutation: Your spells are a little harder to cast, but a little more powerful. [potion of mutation]
  5638 | D:5      | Gained mutation: You evolve. [potion of mutation]
  5638 | D:5      | Gained mutation: You are covered in fur (AC +1). [potion of mutation]
  5895 | D:6      | Found Taen's Gadget Boutique.
  5953 | D:6      | Noticed Eustachio
  5964 | D:6      | Killed Eustachio
  6164 | D:6      | Noticed Pikel
  6173 | D:6      | Killed Pikel
  6173 | D:6      | Reached skill level 9 in Conjurations
  6237 | D:6      | Noticed Sigmund
  6250 | D:6      | Killed Sigmund
  6250 | D:6      | Reached skill level 10 in Conjurations
  6250 | D:6      | Gained mutation: You have a pair of large antennae on your head (SInv). [demonic ancestry]
  6250 | D:6      | Reached XP level 9. HP: 57/57 MP: 19/19
  6557 | D:6      | Noticed Blork the orc
  6567 | D:6      | Killed Blork the orc
  7467 | D:7      | Found a staircase to the Ecumenical Temple.
  7474 | Temple   | Entered the Ecumenical Temple
  7491 | Temple   | Became a worshipper of Vehumet
  7623 | D:7      | Learned a level 5 spell: Iskenderun's Battlesphere
  7716 | D:7      | Noticed a troll
  7724 | D:7      | Killed a troll
  7724 | D:7      | Reached skill level 11 in Conjurations
  7921 | D:8      | Noticed Joseph
  7928 | D:8      | Killed Joseph
  7999 | D:8      | Noticed Psyche
  8007 | D:8      | Killed Psyche
  8014 | D:8      | Noticed a white ugly thing
  8021 | D:8      | Demolished by a white ugly thing

Vault maps used:
D:1:      dpeg_arrival_simpleton_c
D:2:      st_stairs_4, trog_butcher_becter
D:3:      nicolae_ru_great_annihilating_truth, ecumenical_altar_1,
          serial_undead, serial_undead_d, serial_undead_f, serial_undead_b,
          serial_undead_f, first_bread
D:4:      serial_shops, nicolae_shop_waterfront
D:6:      gup_sewer_entry_bubbles, serial_shops, shop, uniq_blork_the_orc,
          uniq_sigmund, uniq_eustachio, uniq_pikel
D:7:      minmay_temple_entry_trees
D:8:      david_nohive_1, uniq_grum, uniq_psyche, uniq_joseph, uniq_gastronok
Temple:   zaba_magenta_temple_12

Action                   |  1- 3 |  4- 6 |  7- 9 || total
-------------------------+-------+-------+-------++-------
Melee: Unarmed           |     5 |       |       ||     5
       Dagger            |    17 |    20 |    16 ||    53
 Cast: Magic Dart        |    57 |    82 |    89 ||   228
       Searing Ray       |     8 |    20 |    50 ||    78
Evoke: Wand              |       |       |     1 ||     1
  Use: Scroll            |     1 |    13 |     3 ||    17
       Potion            |       |       |     2 ||     2
  Eat: Chunk             |     4 |     3 |    11 ||    18
       Meat ration       |       |     1 |       ||     1
       Bread ration      |       |     1 |       ||     1
